 Dungeon Crawl Stone Soup version 0.24-a0-285-g3c078ff (webtiles) character file.

Game seed: 5831445039398332584

178 MisterFreud the Slasher (level 5, -3/36 HPs)
             Began as an Octopode Fighter on May 7, 2019.
             Slain by a phantom (6 damage)
             ... on level 3 of the Dungeon.
             The game lasted 00:04:43 (2336 turns).

MisterFreud the Slasher (Octopode Fighter)          Turns: 2336, Time: 00:04:44

Health: -3/36      AC:  1    Str: 16    XL:     5   Next: 58%
Magic:  5/5        EV: 11    Int: 11    God:
Gold:   82         SH:  8    Dex: 11    Spells: 2/4 levels left

rFire    . . .     SeeInvis .   a - +0 long sword
rCold    . . .     Gourm    .   b - +0 shield
rNeg     . . .     Faith    .   (helmet restricted)
rPois    .         Spirit   .   (no amulet)
rElec    .         Reflect  .   i - ring of stealth
rCorr    .         Harm     .   (no ring)
MR       .....                  (no ring)
Stlth    +++.......             (no ring)
HPRegen  0.12/turn              (no ring)
MPRegen  0.09/turn              (no ring)
                                (no ring)
                                (no ring)

@: no status effects
A: almost no armour, stealthy swim, amphibious, 8 rings, constrict 8, camouflage
1, gelatinous body 1
a: no special abilities


You were on level 3 of the Dungeon.
You were not hungry.

You visited 1 branch of the dungeon, and saw 3 of its levels.

You collected 82 gold pieces.

Inventory:

Hand Weapons
 a - a +0 long sword (weapon)
Missiles
 e - 59 stones (quivered)
 m - 18 sling bullets
Armour
 b - a +0 shield (worn)
Jewellery
 i - a ring of stealth (left tentacle)
Scrolls
 g - a scroll of fog
 j - 2 scrolls of remove curse
 o - a scroll of identify
Potions
 c - a potion of might
 f - a potion of resistance
 h - 2 potions of curing
 k - 2 potions of flight
Comestibles
 d - 4 rations
 n - 15 chunks of flesh


   Skills:
 - Level 3.0 Fighting
 + Level 5.6 Long Blades
 - Level 3.0 Dodging
 - Level 3.0 Shields


You had 2 spell levels left.
You knew the following spells:

 Your Spells              Type           Power        Failure   Level  Hunger
a - Blink                 Tloc           N/A          94%         2    ###....

Your spell library contained the following spells:

 Spells                   Type           Power        Failure   Level  Hunger
 Magic Dart               Conj           #...         86%         1    ##.....
 Call Imp                 Summ           #.......     94%         2    ###....
 Slow                     Hex            #.......     94%         2    ###....
 Conjure Flame            Conj/Fire      #.......     99%         3    ####...
 Mephitic Cloud           Conj/Pois/Air  #.......     99%         3    ####...


Dungeon Overview and Level Annotations

Branches:
Dungeon (3/15)

Altars:

Annotations:
D:3 1 runed translucent door, p0werm0de's ghost, weakling DsWn


Innate Abilities, Weirdness & Mutations

You cannot wear most types of armour.
You are very stealthy in the water. (Stealth+)
You are amphibious.
You can wear up to eight rings at the same time.
You can use your tentacles to constrict eight enemies at once.
Your skin changes colour to match your surroundings (Stealth+).
Your rubbery body absorbs attacks. (AC +1, EV +1)


Message History

You block the phantom's attack.
You closely miss the phantom. Your squeeze misses the phantom.
The phantom closely misses you.
You riposte.
You closely miss the phantom. You squeeze the phantom!
The phantom is moderately damaged.
The phantom hits you!
You hit the phantom. Your squeeze misses the phantom.
The phantom is moderately damaged.
The phantom hits you.
You are too injured to fight recklessly!
You are too injured to fight recklessly!
You miss the phantom. Your squeeze misses the phantom.
The phantom is moderately damaged.
The phantom hits you.
The phantom blinks!
You slash the phantom!
The phantom is heavily damaged.
The phantom hits you!
* * * LOW HITPOINT WARNING * * *
The phantom hits you.
You die...

.#.............##+######.###...##
.......#.#.....#....##...#.......
.......#.#......#.#÷÷....#.#.##.#
.....#<[.....#..#...#.#....#....#
.....#<)..#.##..###.............#
..................########.....##
......÷.........#.##...# #.#####
......).....##.##.##.#.###.#
............##..@W...#...#.#
.#.......#####.......'.....#
#......#.............#.#####
...#.........#.##.####.#####
..#..........#. #.####.....#
##...#.......#. ...#...###.#
#..#........# #####.#....)#
#...###.# ###.# #.#


You could see a phantom.

Vanquished Creatures
  An orc priest (D:3)
  A hound (D:2)
  5 adders (D:2)
  A worm (D:3)
  A dart slug (D:1)
  3 leopard geckos
  4 orcs (D:3)
  5 bats
  2 giant cockroaches (D:1)
  5 goblins
  8 hobgoblins (D:1)
  13 jackals
  A ball python (D:2)
  2 frilled lizards
  4 kobolds (D:1)
  6 rats
62 creatures vanquished.

Notes
Turn   | Place    | Note
-------+----------+-------------------------------------------
     0 | D:1      | MisterFreud the Octopode Fighter began the quest for the
                  | Orb.
     0 | D:1      | Reached XP level 1. HP: 16/16 MP: 1/1
   344 | D:1      | Reached XP level 2. HP: 20/21 MP: 2/2
   401 | D:1      | Reached skill level 3 in Long Blades
   472 | D:1      | Reached XP level 3. HP: 20/26 MP: 3/3
  1509 | D:2      | Reached skill level 4 in Long Blades
  1512 | D:2      | Reached XP level 4. HP: 23/31 MP: 4/4
  2002 | D:2      | Reached skill level 5 in Long Blades
  2008 | D:2      | Reached XP level 5. HP: 23/36 MP: 5/5
  2239 | D:3      | Learned a level 2 spell: Blink
  2257 | D:3      | Found a runed translucent door.
  2258 | D:3      | Noticed p0werm0de's ghost (weakling DsWn)
  2323 | D:3      | Noticed a phantom
  2336 | D:3      | Slain by a phantom

Levels and vault maps discovered:
D:1:      dpeg_arrival_stone_temple_mockup, layout_basic, minmay_pentomino_v4
D:2:      layout_rooms
D:3:      layout_basic, ebering_ghost_reflecting_pool, minmay_splitting_lines

Skill      XL: |  1  2  3  4 |
---------------+-------------+-----
Long Blades    | 3 4 5 |  5.6
Fighting       | |  3.0
Dodging        | |  3.0
Shields        | |  3.0

Action                   |  1- 3 |  4- 6 || total
-------------------------+-------+-------++-------
Melee: Long sword        |    58 |    67 ||   125
       Tentacles         |    12 |    13 ||    25
       Constrict         |    15 |    17 ||    32
  Use: Scroll            |     4 |     5 ||     9
 Stab: Sleeping          |     4 |     7 ||    11
  Eat: Chunk             |       |     5 ||     5
Armor: Skin              |     3 |     8 ||    11
Dodge: Dodged            |    23 |    31 ||    54
Block: Shield            |    31 |    28 ||    59
       Rpst.: Long sword |    10 |    11 ||    21

Table legend:
 A = Non-vault XP
 B = Vault XP
 C = Vault XP percentage of total XP
 D = Non-vault monster count
 E = Vault monster count
 F = Vault count percentage of total count
                 A         B        C        D         E       F
            +---------+---------+-------+---------+---------+-------
      Total |     249 |       6 |   2.4 |      58 |       4 |   6.5
            +---------+---------+-------+---------+---------+-------
        D:1 |      51 |       6 |  10.5 |      25 |       4 |  13.8
        D:2 |     125 |       0 |   0.0 |      19 |       0 |   0.0
        D:3 |      73 |       0 |   0.0 |      14 |       0 |   0.0
            +---------+---------+-------+---------+---------+-------
